 Dungeon Crawl Stone Soup version 0.30-a0-808-g6e0788376e (webtiles) character file.

Game seed: 15969085275921314774

92 cheesebisquit the Digger (level 4, -2/26 HPs)
             Began as a Gargoyle Earth Elementalist on Feb 26, 2023.
             Slain by a gnoll
             ... wielding a +0 spear
              (8 damage)
             ... on level 3 of the Dungeon.
             The game lasted 00:06:50 (2050 turns).

cheesebisquit the Digger (GrEE)                     Turns: 2050, Time: 00:06:50

Health: -2/26      AC:  5    Str: 12    XL:     4   Next: 60%
Magic:  4/8        EV: 12    Int: 17    God:
Gold:   105        SH:  0    Dex: 10    Spells: 7/8 levels left

rFire   . . .      SeeInvis .    o - +0 flail
rCold   . . .      Faith    .    (no shield)
rNeg    + + .      Spirit   .    a - +0 robe
rPois   ∞          Reflect  .    (no helmet)
rElec   +          Harm     .    (no cloak)
rCorr   .          Rampage  .    (no gloves)
Will    .....                    (no boots)
Stlth   ++                       (no amulet)
HPRegen 0.24/turn                e - ring of positive energy
MPRegen 0.11/turn                (no ring)

@: no status effects
A: sickness immunity, AC +3, negative energy resistance 1, electricity
resistance, torment resistance 1, petrification resistance
a: no special abilities


You were on level 3 of the Dungeon.
You visited 1 branch of the dungeon, and saw 3 of its levels.

You collected 105 gold pieces.

Inventory:

Hand Weapons
 h - a +0 mace
 i - the +4 dagger "Ogrebane" {freeze, rF++}
   (You found it on level 2 of the Dungeon)

   rF:        It greatly protects you from fire.
 o - a +0 flail (weapon)
Armour
 a - a +0 robe (worn)
Jewellery
 e - a ring of positive energy (left hand)
 m - an amulet of faith
Scrolls
 c - a scroll of poison {unknown}
 d - 2 scrolls of identify {unknown}
 f - 2 scrolls of vulnerability {unknown}
 g - a scroll of enchant weapon {unknown}
Potions
 b - a potion of magic
 j - a potion of heal wounds {unknown}
 k - a potion of brilliance {unknown}
 l - a potion of degeneration {unknown}
 n - a potion of resistance {unknown}


   Skills:
 + Level 1.9 Fighting
 - Level 1.0 Short Blades
 + Level 0.5 Maces & Flails
 - Level 1.6 Dodging
 - Level 2.3 Stealth
 + Level 2.7 Spellcasting
 - Level 0.9 Transmutations
 + Level 4.4 Earth Magic


You had 7 spell levels left.
You knew the following spells:

 Your Spells              Type           Power      Damage    Failure   Level
a - Sandblast             Erth           34%        2d9       3%          1

Your spell library contained the following spells:

 Spells                   Type           Power      Damage    Failure   Level
 Passwall                 Tmut/Erth      9%         N/A       9%          2
 Stone Arrow              Conj/Erth      18%        3d8       22%         3
 Petrify                  Tmut/Erth      11%        N/A       52%         4


Dungeon Overview and Level Annotations

Branches:
Dungeon (3/15)

Altars:

Shops:
D:2 (


Innate Abilities, Weirdness & Mutations

You are immune to sickness and miasma.
Your stone body is resilient. (AC +3)
You are immune to poison.
You resist negative energy. (rN+)
You are resistant to electric shocks. (rElec)
You are resistant to unholy torment.
You are immune to petrification.


Message History

You kill the rat!
Your Short Blades skill increases to level 1!
You barely miss the quokka.
The quokka bites you but does no damage.
You hit the quokka. You freeze the quokka.
You kill the quokka!
The +4 dagger "Ogrebane" {freeze, rF++} stops glowing.
o - a +0 flail (weapon)
You see here a rat corpse.
You open the door. 4 gnolls come into view.
The gnoll shouts! x3
A bat comes into view.
The gnoll barely misses you.
The gnoll shouts!
Found a scroll labelled TANAOW ONUCI and 2 javelins.
The blast of sand hits the gnoll.
The gnoll is heavily wounded.
The gnoll barely misses you. The gnoll hits you with a +0 club!
The gnoll hits you from afar with a +0 spear.
The gnoll misses you.
The blast of sand hits the gnoll.
The gnoll is severely wounded.
The gnoll hits you but does no damage. The gnoll hits you with a +0 club.
The gnoll misses you.
You are too injured to fight recklessly!
Aiming: Sandblast (safe; 3% risk of failure)
Press: ? - help, Q - select action Shift-Dir - straight line, f/p - gnoll
Aim: a gnoll, wielding a +0 club (severely wounded, 84% to hit)
The blast of sand hits the gnoll.
You kill the gnoll!
The gnoll hits you from afar with a +0 spear!
* * * LOW HITPOINT WARNING * * *
Aiming: Sandblast (safe; 3% risk of failure)
Press: ? - help, Q - select action Shift-Dir - straight line, f - gnoll
Aim: a gnoll, wielding a +0 spear (84% to hit)
The blast of sand hits the gnoll!
The gnoll is almost dead.
The gnoll hits you from afar with a +0 spear!
You die...

#############
............#
#######†###.#
##...##.#
#.....#.#
##...##.##########
##.###.##........
#@##.#......#
#)###.##.##.# #g#
####.##.#


ggb #.##.# # ..... #.##.###.# ....... #........# ......?..####...#####
+.........+........... #........(####...##### You could see 3 gnolls and a bat.

Vanquished Creatures
  An orc wizard (D:3)
  A gnoll (D:3)
  An adder (D:2)
  6 orcs
  5 ball pythons
  4 endoplasms
  3 goblins
  2 hobgoblins
  2 quokkas
  5 bats
  3 frilled lizards
  4 kobolds (D:1)
  8 rats
45 creatures vanquished.

Notes
Turn   | Place    | Note
-------+----------+-------------------------------------------
     0 | D:1      | cheesebisquit the Gargoyle Earth Elementalist began the
                  | quest for the Orb.
     0 | D:1      | Reached XP level 1. HP: 10/10 MP: 3/3
   225 | D:1      | Reached XP level 2. HP: 15/15 MP: 1/5
   842 | D:2      | Reached skill level 1 in Fighting
   842 | D:2      | Reached skill level 4 in Earth Magic
   914 | D:2      | Identified the +4 dagger "Ogrebane" {freeze, rF++}
  1037 | D:2      | Reached XP level 3. HP: 20/20 MP: 6/6
  1303 | D:2      | Found Vyteg's Weapon Shop.
  1927 | D:3      | Reached XP level 4. HP: 23/26 MP: 1/8
  2034 | D:3      | Reached skill level 1 in Short Blades
  2050 | D:3      | Slain by a gnoll

Illustrated notes

Levels and vault maps discovered:
D:1:      dpeg_arrival_fog, layout_basic
D:2:      layout_basic, serial_shops, nicolae_shop_behind_doors,
          kennysheep_generic_room_14
D:3:      layout_loops_corners, shapermc_ecumenical_altar_totnotflames,
          chequers_hall_statues_wall_a, minmay_pentangle

Skill      XL: |  1  2  3  4 |
---------------+-------------+-----
Fighting       | 1 |  1.9
Earth Magic    | 4 |  4.4
Short Blades   | 1 |  1.0
Maces & Flails | |  0.5
Dodging        | |  1.6
Stealth        | |  2.3
Spellcasting   | |  2.7
Transmutations | |  0.9

Action                     |  1- 3 |  4- 6 || total
---------------------------+-------+-------++-------
  Melee: Dagger            |     1 |     6 ||     7
   Cast: Sandblast         |    50 |     6 ||    56
   Stab: Sleeping          |       |     1 ||     1
 Armour: Robe              |     3 |     2 ||     5
  Dodge: Dodged            |     7 |     8 ||    15

Table legend: (Time is in decaauts)
 A = Elapsed time spent in this place.
 B = Non-inter-level travel time spent in this place.
 C = Inter-level travel time spent in this place.
 D = Time resting spent in this place.
 E = Time spent auto-exploring this place.
 F = Levels seen in this place.
 G = Mean time per level.
                   A        B        C        D        E       F      G
               +--------+--------+--------+--------+--------+-----+--------+
         Total |   2074 |   1954 |    120 |      0 |   1718 |   3 |  691.3 |
       Dungeon |   2074 |   1954 |    120 |      0 |   1718 |   3 |  691.3 |
               +--------+--------+--------+--------+--------+-----+--------+

Top non-repeatable levels by time:
     D:2: 927 daAuts
     D:1: 793 daAuts
     D:3: 353 daAuts
